 Dungeon Crawl Stone Soup version 0.30-a0-368-g86fb4627a9 (webtiles) character file.

Game seed: 18079470853815868734

39 Shayle the Chopper (level 3, -1/33 HPs)
             Began as a Naga Reaver on Nov 20, 2022.
             Slain by an adder (3 damage)
             ... on level 2 of the Dungeon.
             The game lasted 00:03:46 (1007 turns).

Shayle the Chopper (Naga Reaver)                    Turns: 1007, Time: 00:03:52

Health: -1/33      AC:  3    Str: 14    XL:     3   Next: 45%
Magic:  6/6        EV:  9    Int: 15    God:
Gold:   34         SH:  0    Dex:  9    Spells: 5/6 levels left

rFire   . . .      SeeInvis +    a - +0 hand axe
rCold   . . .      Faith    .    (no shield)
rNeg    . . .      Spirit   .    b - +0 leather armour
rPois   +          Reflect  .    (no helmet)
rElec   .          Harm     .    (no cloak)
rCorr   .          Rampage  .    i - +0 pair of gloves
Will    .....                    (no barding)
Stlth   +.........               e - amulet of the acrobat
HPRegen 0.25/turn                (no ring)
MPRegen 0.10/turn                (no ring)

@: brilliant, lethally poisoned (-1 -> -4), attractive, very slow
A: AC +1, large, see invisible, deformed body, poison resistance, slowness 2,
spit poison 1, naga tail 1, stinger 1, MP-powered wands
a: Spit Poison


You were on level 2 of the Dungeon.
You visited 1 branch of the dungeon, and saw 2 of its levels.

You collected 34 gold pieces.

Inventory:

Hand Weapons
 a - a +0 hand axe (weapon)
Armour
 b - a +0 leather armour (worn)
 i - a +0 pair of gloves (worn)
Jewellery
 e - an amulet of the acrobat (around neck)
Scrolls
 c - a scroll of torment
 j - a scroll of amnesia {unknown}
 k - 2 scrolls of immolation
 m - a scroll of identify {unknown}


   Skills:
 + Level 2.6 Fighting
 + Level 3.3 Axes
 + Level 2.0 Dodging
 + Level 2.0 Stealth
 - Level 2.0 Spellcasting
 - Level 3.0 Conjurations


You had 5 spell levels left.
You knew the following spells:

 Your Spells              Type           Power      Damage    Failure   Level
a - Kiss of Death         Conj/Necr      36%        2d8       16%         1

Your spell library contained the following spells:

 Spells                   Type           Power      Damage    Failure   Level
 Momentum Strike          Conj/Tloc      18%        3d8       22%         2
 Hailstorm                Conj/Ice       9%         3d4       41%         3


Dungeon Overview and Level Annotations

Branches:
Dungeon (2/15)

Altars:


Innate Abilities, Weirdness & Mutations

Your serpentine skin is tough. (AC +1)
You have supernaturally acute eyesight. (SInv)
Armour fits poorly on your strangely shaped body.
Your system is resistant to poisons. (rPois)
You cover ground very slowly.
You can spit poison.
You have a snake-like lower body.
Your tail ends in a venomous barb.
You expend magic power (3 MP) to strengthen your wands.


Message History

Found a scroll labelled DIBOLIFORPHY.
The kobold is attracted toward you.
A ball python comes into view.
Found an escape hatch in the ceiling.
The ball python is attracted toward you.
You start resting.
The adder is attracted toward you. What are your orders? t - Yell!
Orders for allies: a - Attack new target. r - Retreat! s - Stop attacking. g - Guard the area. f - Follow me.
Anything else - Cancel.
Gang up on whom?
Press: ? - help, Dir - move target, f - adder
Aim: an adder Attack!
Your adder closely misses the adder.
The adder closely misses your rat.
Your rat misses the adder.
Your kobold completely misses the adder.
Unknown command.
Your adder misses the adder. The adder bites your rat.
Your rat dies!
Your rat's corpse dissolves into shadows!
Your adder bites the adder.
Your kobold closely misses the adder.
The adder is attracted toward you. The rat is attracted toward you.
You completely miss the adder.
The adder is heavily wounded.
The adder bites you.
* * * LOW HITPOINT WARNING * * *
You are poisoned.
The adder poisons you!
Your adder barely misses the adder.
The adder bites you.
* * * LOW HITPOINT WARNING * * *
The rat is attracted toward you.
Really quaff the potion of mutation?
You feel extremely strange.
Your urge to shout disappears.
A venomous barb forms on the end of your tail.
You feel your magical essence link to the dungeon's wands.
* * * LOW HITPOINT WARNING * * *
You feel sick.
Your adder misses the adder. The adder bites you.
You die...

...... ... ...§< ..§
.... ..# ... ..# ..
.. #S K#
.....##.#.###.###.#
........KS@......# ..
.......§S##.##..# #..
#.......r# .#
..#..###..##+#§## .#
..........##...# .?
...............#$#.##
.........#K..........
.....#...............
.....................


You could see an adder (ally target), a rat, a friendly adder (summoned) and a
friendly kobold (summoned).

Vanquished Creatures
  2 bats (D:1)
  6 endoplasms
  2 giant cockroaches (D:1)
  2 goblins
  5 hobgoblins
  3 jackals (D:1)
  3 kobolds
  A quokka (D:1)
  3 ball pythons
  3 frilled lizards (D:1)
  4 rats
34 creatures vanquished.

Notes
Turn   | Place    | Note
-------+----------+-------------------------------------------
     0 | D:1      | Shayle the Naga Reaver began the quest for the Orb.
     0 | D:1      | Reached XP level 1. HP: 19/19 MP: 3/3
   114 | D:1      | Reached skill level 1 in Stealth
   114 | D:1      | Reached XP level 2. HP: 25/26 MP: 5/5
   512 | D:1      | Reached XP level 3. HP: 32/33 MP: 6/6
   983 | D:2      | Gained mutation: You are dopey. (Int -2) [potion of
                  | mutation]
   983 | D:2      | Gained mutation: You occasionally shout uncontrollably at
                  | your foes. [potion of mutation]
   983 | D:2      | Lost mutation: You are dopey. (Int -2) [potion of mutation]
  1007 | D:2      | Lost mutation: You occasionally shout uncontrollably at
                  | your foes. [potion of mutation]
  1007 | D:2      | Gained mutation: Your tail ends in a venomous barb. [potion
                  | of mutation]
  1007 | D:2      | Gained mutation: You expend magic power (3 MP) to
                  | strengthen your wands. [potion of mutation]
  1007 | D:2      | Slain by an adder

Illustrated notes

Levels and vault maps discovered:
D:1:      lightli_arrival_chessboard, layout_basic
D:2:      layout_basic, basic_altar, uniq_crazy_yiuf_cottage, uniq_terence,
          uniq_robin

Skill      XL: |  1  2  3 |
---------------+----------+-----
Stealth        | 1 2 |  2.0
Dodging        | 2 |  2.0
Fighting       | |  2.6
Axes           | |  3.3
Spellcasting   | |  2.0
Conjurations   | |  3.0

Action                   || total
-------------------------++-------
Melee: Hand axe          ||   107
 Abil: Spit Poison       ||    15
  Use: Scroll            ||     5
       Potion            ||     4
 Stab: Distracted        ||     1
       Sleeping          ||     2
Armor: Leather armour    ||    25
Dodge: Dodged            ||    82

Table legend: (Time is in decaauts)
 A = Elapsed time spent in this place.
 B = Non-inter-level travel time spent in this place.
 C = Inter-level travel time spent in this place.
 D = Time resting spent in this place.
 E = Time spent auto-exploring this place.
 F = Levels seen in this place.
 G = Mean time per level.
                   A        B        C        D        E       F      G
               +--------+--------+--------+--------+--------+-----+--------+
         Total |   1257 |   1240 |     17 |     55 |    782 |   2 |  628.5 |
       Dungeon |   1257 |   1240 |     17 |     55 |    782 |   2 |  628.5 |
               +--------+--------+--------+--------+--------+-----+--------+

Top non-repeatable levels by time:
     D:1: 1065 daAuts
     D:2: 192 daAuts
